 Dungeon Crawl Stone Soup version 0.19-a0-835-gf140595 (webtiles) character file.

381 TheGoonsmith the Conjurer (level 6, 0/32 HPs)
             Began as a Gargoyle Fire Elementalist on June 30, 2016.
             Slain by a gnoll
             ... wielding a +0 halberd
              (10 damage)
             ... on level 4 of the Dungeon.
             The game lasted 00:06:05 (4409 turns).

TheGoonsmith the Conjurer (GrFE)                    Turns: 4409, Time: 00:06:06

Health: 0/32       AC:  8    Str: 12    XL:     6   Next: 75%
Magic:  0/11       EV: 12    Int: 17    God:
Gold:   167        SH:  0    Dex: 10    Spells: 1 memorised, 11 levels left

rFire  . . .     SeeInvis .     s - +1 war axe (chop)
rCold  . . .     Gourm    .     m - +0 robe (curse)
rNeg   + . .     Faith    .     (no shield)
rPois  ∞         Spirit   .     (no helmet)
rElec  +         Dismiss  .     G - +0 cloak
rCorr  .         Reflect  .     (no gloves)
SustAt .         Harm     .     i - +0 pair of boots
MR     .....                    (no amulet)
Stlth  ++........               (no ring)
                                (no ring)

@: very slightly contaminated, not resistant to hostile enchantments, unstealthy
A: negative energy resistance 1, electricity resistance, unbreathing,
petrification resistance, rot immunity, AC +4
a: no special abilities


You were on level 4 of the Dungeon.
You were not hungry.

You visited 1 branch of the dungeon, and saw 4 of its levels.
You also visited: Sewer.

You collected 167 gold pieces.

Inventory:

Hand Weapons
 d - a +0 club
 o - a +0 mace
 s - a +1 war axe of chopping (weapon)
Armour
 a - a +0 robe
 i - a +0 pair of boots (worn)
 m - a cursed +0 robe (worn)
 G - a +0 cloak (worn)
Jewellery
 n - a +4 ring of intelligence {unknown}
 u - an uncursed ring of resist corrosion {unknown}
 y - an uncursed ring of fire {unknown}
 F - an uncursed amulet of guardian spirit {unknown}
Scrolls
 e - 2 scrolls of immolation {unknown}
 f - a scroll of amnesia {unknown}
 j - 2 scrolls of blinking {unknown}
 l - 3 scrolls of identify {unknown}
 q - 2 scrolls of teleportation {unknown}
 r - a scroll of enchant weapon {unknown}
 t - 2 scrolls of remove curse {unknown}
 w - a scroll of random uselessness {unknown}
 x - 2 scrolls of enchant armour {unknown}
 E - 2 scrolls of recharging {unknown}
Potions
 p - 4 potions of lignification {unknown}
 v - 2 potions of agility {unknown}
 B - 5 potions of curing {unknown}
 C - 3 potions of flight {unknown}
 D - 2 potions of heal wounds {unknown}
 H - a potion of magic {unknown}
Books
 b - a book of Flames

   Spells                             Type                      Level
   a - Flame Tongue                   Conjuration/Fire             1
   b - Throw Flame                    Conjuration/Fire             2
   c - Conjure Flame                  Conjuration/Fire             3
   d - Inner Flame                    Hexes/Fire                   3
   e - Sticky Flame                   Conjuration/Fire             4
   f - Fireball                       Conjuration/Fire             5
 A - a book of Spatial Translocations

   Spells                             Type                      Level
   a - Apportation                    Translocation                1
   b - Blink                          Translocation                2
   c - Shroud of Golubria             Charms/Translocation         2
   d - Portal Projectile              Translocation                3
   e - Teleport Other                 Translocation                3
   f - Passage of Golubria            Translocation                4
Comestibles
 c - 3 bread rations
 g - 2 royal jellies
 h - 3 fruits
 k - a slice of pizza
 z - a meat ration


   Skills:
 - Level 1.5 Dodging
 - Level 2.1 Stealth
 + Level 3.5 Spellcasting
 * Level 5.0 Conjurations
 + Level 4.6 Fire Magic


You had 11 spell levels left.
You knew the following spells:

 Your Spells              Type           Power        Failure   Level  Hunger
a - Flame Tongue          Conj/Fire      ###..        2%          1    None


Dungeon Overview and Level Annotations

Branches:
Dungeon (4/15)
 Temple: D:4-7

Altars:
Cheibriados
Elyvilon
Hepliaklqana
Kikubaaqudgha
Makhleb
Trog


Innate Abilities, Weirdness & Mutations

You are resistant to torment.
Your stone body is resilient. (AC +4)
You are immune to poison.
You resist negative energy. (rN+)
You are resistant to electric shocks. (rElec)
You can survive without breathing.
You are immune to petrification.
You are immune to rotting.


Message History

Confirm with . or Enter, or press ? or * to list all spells.
Aiming: Flame Tongue
Press: ? - help, Shift-Dir - straight line, f/p - gnoll shaman
Aim: a gnoll shaman, wielding a club and wearing a robe (heavily wounded)
The flame tongue misses the gnoll shaman.
The gnoll closely misses you. The gnoll shaman hits you with a club.
Casting: Flame Tongue
Confirm with . or Enter, or press ? or * to list all spells.
You don't have enough magic to cast that spell.
Casting: Flame Tongue
Confirm with . or Enter, or press ? or * to list all spells.
You don't have enough magic to cast that spell.
You hit the gnoll shaman.
The gnoll shaman is severely wounded.
The gnoll hits you from afar with a halberd!
The gnoll shaman barely misses you.
You hit the gnoll shaman but do no damage.
The gnoll shaman is severely wounded.
The gnoll hits you from afar with a halberd!
You die...

############### ...
.....gg@......# ..# #.
#############.# ..#
#.#####..........[.######
...##.....<......(..........##
.........................)...##
.......##.............##.##...#
... #....))..........##...##..#
.)#####.#...........##.....##.#
.<..................#.......#.#


You could see a gnoll shaman and a gnoll.

Vanquished Creatures
  A big kobold (Sewer)
  2 orc wizards (D:4)
  Terence (D:2)
  A worker ant (D:4)
  A howler monkey skeleton (D:4)
  3 gnolls (D:4)
  4 adders
  A river rat (D:3)
  An ooze (D:2)
  4 worms (D:3)
  5 dart slugs
  2 giant geckos (D:2)
  2 orcs (D:4)
  4 ball pythons
  10 bats
  3 giant cockroaches
  11 hobgoblins
  10 jackals
  A quokka (D:3)
  5 giant newts
  11 goblins
  11 kobolds
  12 rats
106 creatures vanquished.

Notes
Turn   | Place    | Note
--------------------------------------------------------------
     0 | D:1      | TheGoonsmith the Gargoyle Fire Elementalist began the quest for the Orb.
     0 | D:1      | Reached XP level 1. HP: 10/10 MP: 3/3
   209 | D:1      | Reached XP level 2. HP: 12/15 MP: 0/5
   461 | D:1      | Reached skill level 2 in Conjurations
   673 | D:1      | Reached XP level 3. HP: 18/19 MP: 0/6
  1409 | D:2      | Noticed Terence
  1414 | D:2      | Killed Terence
  1414 | D:2      | Reached XP level 4. HP: 19/24 MP: 0/7
  1474 | D:2      | Found a snail-covered altar of Cheibriados.
  1575 | D:2      | Reached skill level 3 in Conjurations
  1755 | D:2      | Found an ancient bone altar of Kikubaaqudgha.
  2383 | D:3      | Found a white marble altar of Elyvilon.
  2558 | D:3      | Found a glowing drain.
  2578 | D:3      | Reached XP level 5. HP: 28/28 MP: 1/9
  2633 | Sewer    | Entered a sewer
  2746 | Sewer    | Noticed a big kobold
  2752 | Sewer    | Killed a big kobold
  2833 | Sewer    | Found a glowing silver altar of Zin.
  2920 | D:3      | Reached skill level 4 in Conjurations
  3297 | D:3      | Noticed a moth of wrath
  3300 | D:3      | Found a bloodstained altar of Trog.
  3557 | D:3      | Reached XP level 6. HP: 26/32 MP: 0/10
  4074 | D:4      | Found a burning altar of Makhleb.
  4289 | D:4      | Reached skill level 5 in Conjurations
  4362 | D:4      | Found a hazy altar of Hepliaklqana.
  4409 | D:4      | Slain by a gnoll

Vault maps used:
D:1:      dpeg_arrival_oval, serial_forest, infiniplex_forest_clump_small,
          infiniplex_forest_fountain, infiniplex_forest_clump_long,
          infiniplex_forest_clump_tiny, infiniplex_forest_end_1,
          infiniplex_forest_zigzag_2, infiniplex_forest_end_2,
          infiniplex_forest_clump_tiny, minmay_tromino_i4
D:2:      lemuel_round_altar, kennysheep_slug_shrine, kennysheep_minor_cross,
          uniq_terence
D:3:      nicolae_overflow_crystal_walls, portal_sewer_entry_a, tgw_trog
D:4:      kennysheep_little_box, lemuel_round_altar, first_bread, minivault_25
Sewer:    sewer_kobolds

Skill      XL: |  1  2  3  4  5  6 |
---------------+-------------------+-----
Conjurations   | 2 3 4 5 |  5.0
Fire Magic     | 4 |  4.6
Spellcasting   | 3 |  3.5
Dodging        | |  1.5
Stealth        | |  2.1

Action                   |  1- 3 |  4- 6 || total
-------------------------+-------+-------++-------
Melee: Club              |    23 |       ||    23
       War axe           |       |    25 ||    25
       Mace              |       |     3 ||     3
 Cast: Flame Tongue      |    55 |   148 ||   203
  Eat: Chunk             |     2 |    10 ||    12
Armor: Robe              |    19 |    43 ||    62
Dodge: Dodged            |    35 |    68 ||   103
